 Dungeon Crawl Stone Soup version 0.32-a0-986-ga09f62fbf4 (webtiles) character file.

Game seed: 7444020787088092047

60 elagabalus the Chiller (level 3, -1/26 HPs)
             Began as a Demigod Ice Elementalist on Apr 21, 2024.
             Slain by a shadow imp (3 damage)
             ... on level 3 of the Dungeon.
             The game lasted 00:10:12 (1583 turns).

elagabalus the Chiller (Demigod Ice Elementalist)   Turns: 1583, Time: 00:10:14

Health: -1/26      AC:  3    Str:  9    XL:     3   Next: 57%
Magic:  2/10       EV: 11    Int: 21    God:
Gold:   105        SH:  0    Dex: 14    Spells: 4/8 levels left

rFire   . . .        f - +0 hand axe (freeze)
rCold   . . .        (no shield)
rNeg    . . .        a - +0 robe
rPois   .            e - +0 helmet
rElec   .            (no cloak)
rCorr   .            (no gloves)
SInv    +            (no boots)
Will    .....        l - amulet of regeneration
Stlth   ++           i - ring of see invisible
HPRegen 0.24/turn    (no ring)
MPRegen 0.12/turn

%: no passive effects
@: no status effects
A: high MP 1, forlorn, divine attributes
a: no special abilities


You were on level 3 of the Dungeon.
You visited 1 branch of the dungeon, and saw 3 of its levels.

You collected 105 gold pieces.

Inventory:

Hand Weapons
 f - a +0 hand axe of freezing (weapon)
Armour
 a - a +0 robe (worn)
 e - a +0 helmet (worn)
Jewellery
 i - a ring of see invisible (left hand)
 l - an amulet of regeneration (around neck)
Scrolls
 k - 3 scrolls of identify {unknown}
Potions
 b - a potion of magic
 c - a potion of might {unknown}
 d - a potion of haste {unknown}
 g - 2 potions of brilliance {unknown}
 h - a potion of heal wounds {unknown}
 j - 2 potions of curing {unknown}


   Skills:
 - Level 1.7 Dodging
 - Level 1.7 Stealth
 * Level 3.0 Spellcasting
 - Level 4.1 Ice Magic


You had 4 spell levels left.
You knew the following spells:

 Your Spells              Type           Power      Damage    Failure   Level
a - Freeze                Ice            80%        1d9       2%          1
b - Frozen Ramparts       Ice            40%        1d7       7%          3

Your spell library contained the following spells:

 Spells                   Type           Power      Damage    Failure   Level
 Ozocubu's Armour         Ice            20%        N/A       7%          3
 Summon Ice Beast         Ice/Summ       11%        N/A       17%         3
 Lesser Beckoning         Tloc           6%         N/A       21%         2
 Maxwell's Portable Pile  Tloc           3%         2d(5-14)  36%         3
 Teleport Other           Tloc           3%         N/A       36%         3


Dungeon Overview and Level Annotations

Branches:
Dungeon (3/15)

Shops:
D:1 (


Innate Abilities, Weirdness & Mutations

You have an increased reservoir of magic. (+10% MP)
You shall have no god before yourself.
Your divine heritage dramatically boosts your attributes as you level up.


Message History

You kill Natasha!
Natasha screams in fury as she dies!
The cerulean imp disappears in a puff of smoke! x2
Your Spellcasting skill increases to level 3!
The frozen ramparts melt away as you move.
k - 3 scrolls labelled LASSEU WAUDY
Okay, then.
Found a dented cabochon amulet.
l - an amulet of regeneration
Okay, then.
You start putting on your amulet.
You continue putting on your amulet of regeneration. x5
You finish putting on your amulet of regeneration.
l - an amulet of regeneration (around neck)
The amulet cannot attune itself to your injured body.
A shadow imp comes into view.
The shadow imp gestures at you. Pain shoots through your body!
* * * LOW HITPOINT WARNING * * *
Aiming: Freeze (safe; 2% risk of failure)
Press: ? - help, Q - select action Shift-Dir - straight line, f - shadow imp
Aim: a shadow imp You freeze the shadow imp but do no damage.
The shadow imp completely resists.
The shadow imp gestures at you.
You barely resist.
Aiming: Freeze (safe; 2% risk of failure)
Press: ? - help, Q - select action Shift-Dir - straight line, f/p - shadow imp
Aim: a shadow imp You freeze the shadow imp but do no damage.
The shadow imp completely resists.
The shadow imp hits you.
* * * LOW HITPOINT WARNING * * *
Aiming: Freeze (safe; 2% risk of failure)
Press: ? - help, Q - select action Shift-Dir - straight line, f/p - shadow imp
Aim: a shadow imp You freeze the shadow imp but do no damage.
The shadow imp completely resists.
The shadow imp hits you.
You die...

### ##.# #..# ##@##
#.5###### ######
##........ #....#
#......... #.##.#
###.........
#.##.###...######..
#.##..##.### .
##.###.#..# #..#
#...##


You could see a shadow imp.

Vanquished Creatures
  Natasha (D:3)
  A dart slug (D:1)
  2 ball pythons
  4 bats
  4 endoplasms
  A giant cockroach (D:1)
  4 hobgoblins
  3 jackals (D:3)
  A kobold (D:1)
  2 quokkas
  3 goblins
  4 rats
30 creatures vanquished.

Notes
Turn   | Place    | Note
-------+----------+-------------------------------------------
     0 | D:1      | elagabalus the Demigod Ice Elementalist began the quest for
                  | the Orb.
     0 | D:1      | Reached XP level 1. HP: 14/14 MP: 5/5
   128 | D:1      | Found Ateosmuon's Weapon Shop.
   149 | D:1      | Reached skill level 4 in Ice Magic
   297 | D:1      | Reached XP level 2. HP: 19/20 MP: 2/7
  1478 | D:3      | Reached XP level 3. HP: 20/26 MP: 3/9
  1487 | D:3      | Learned a level 3 spell: Frozen Ramparts
  1536 | D:3      | Noticed Natasha
  1544 | D:3      | Killed Natasha
  1583 | D:3      | Slain by a shadow imp

Illustrated notes

Levels and vault maps discovered:
D:1:      amcnicky_arrival_single_pillar, layout_rooms, serial_shops,
          nicolae_shop_competitors_out_of_business
D:2:      layout_loops_corners, serial_aquarium, aquarium_bridge_straight
          [aquarium_subvault_bridge, aquarium_subvault_wall,
          aquarium_subvault_bridge, aquarium_subvault_window],
          aquarium_window_1, aquarium_window_fake, aquarium_window_corner,
          aquarium_view_2g, aquarium_view_2c, aquarium_pool_2
D:3:      layout_rooms, ebering_ecumenical_altar_hall, uniq_terence,
          uniq_natasha

Skill      XL: |  1  2  3 |
---------------+----------+-----
Ice Magic      | 4 |  4.1
Spellcasting   | 2 3 |  3.0
Dodging        | |  1.7
Stealth        | |  1.7

Action                     || total
---------------------------++-------
  Melee: Unarmed           ||     1
   Cast: Freeze            ||    52
         Frozen Ramparts   ||     1
    Use: Scroll            ||     3
 Armour: Robe              ||    34
  Dodge: Dodged            ||    16

Table legend: (Time is in decaauts)
 A = Elapsed time spent in this place.
 B = Non-inter-level travel time spent in this place.
 C = Inter-level travel time spent in this place.
 D = Time resting spent in this place.
 E = Time spent auto-exploring this place.
 F = Levels seen in this place.
 G = Mean time per level.
                   A        B        C        D        E       F      G
               +--------+--------+--------+--------+--------+-----+--------+
         Total |   1581 |   1581 |      0 |      0 |      0 |   3 |  527.0 |
       Dungeon |   1581 |   1581 |      0 |      0 |      0 |   3 |  527.0 |
               +--------+--------+--------+--------+--------+-----+--------+

Top non-repeatable levels by time:
     D:2: 969 daAuts
     D:1: 489 daAuts
     D:3: 123 daAuts
